 Dungeon Crawl Stone Soup version 0.28-a0-938-gbc3f381ebc (webtiles) character file.

Game seed: 1827203565132496667

51 AvatarAndi78 the Skirmisher (level 3, -5/34 HPs)
             Began as a Minotaur Berserker on Nov 28, 2021.
             Was a Believer of Trog.
             Slain by Sigmund (10 damage)
             ... on level 2 of the Dungeon.
             The game lasted 00:02:07 (1259 turns).

AvatarAndi78 the Skirmisher (Minotaur Berserker)    Turns: 1259, Time: 00:02:07

Health: -5/34      AC:  3    Str: 21    XL:     3   Next: 58%
Magic:  2/2        EV: 12    Int:  4    God:    Trog [**....]
Gold:   47         SH:  0    Dex: 10    Spells: 2/2 levels left

rFire   . . .      SeeInvis .   f - +0 long sword
rCold   . . .      Faith    .   (no shield)
rNeg    . . .      Spirit   .   b - +0 animal skin
rPois   .          Reflect  .   (helmet restricted)
rElec   .          Harm     .   h - +0 cloak
rCorr   .          Rampage  .   (no gloves)
Will    ++...                   (no boots)
Stlth   +.........              (no amulet)
HPRegen 1.11/turn               (no ring)
MPRegen 0.08/turn               (no ring)

@: strong-willed, regenerating
A: horns 2, retaliatory headbutt
a: Renounce Religion, Berserk, Trog's Hand


You were on level 2 of the Dungeon.
You worshipped Trog.
Trog was pleased with you.
You visited 1 branch of the dungeon, and saw 2 of its levels.

You collected 47 gold pieces.

Inventory:

Hand Weapons
 a - a +0 hand axe
 f - a +0 long sword (weapon)
Armour
 b - a +0 animal skin (worn)
 h - a +0 cloak (worn)
Scrolls
 c - 2 scrolls of identify {unknown}
 d - a scroll of fog {unknown}
 e - a scroll of magic mapping {unknown}
 i - 2 scrolls of holy word {unknown}
Potions
 g - a potion of degeneration {unknown}


   Skills:
 + Level 4.7 Fighting
 + Level 0.2 Long Blades
 + Level 4.3 Axes
 + Level 2.5 Armour
 + Level 2.6 Dodging


You had 2 spell levels left.
You didn't know any spells.
Your spell library was empty.

Dungeon Overview and Level Annotations

Branches:
Dungeon (2/15)

Altars:

Annotations:
D:2 Sigmund


Innate Abilities, Weirdness & Mutations

You have a pair of horns on your head.
You reflexively headbutt those who attack you in melee.


Message History

A quokka comes into view.
There is an open door here.
A quokka is nearby!
The quokka closely misses you.
You miss the quokka. The quokka bites you. The quokka closely misses you.
You furiously retaliate!
You headbutt the quokka, but do no damage.
You closely miss the quokka. Your headbutt misses the quokka.
The quokka bites you.
You slash the quokka!
You kill the quokka!
Trog accepts your kill.
No target in view!
An endoplasm comes into view.
The endoplasm quivers.
You slash the endoplasm!
You kill the endoplasm!
Trog accepts your kill.
No target in view!
i - 2 scrolls labelled OBEUDD VIHI Sigmund the Dreaded comes into view.
He is wielding a +1 scythe of freezing.
No target in view!
Your skin crawls.
You feel strong-willed.
Sigmund mumbles some strange words.
Sigmund flickers and vanishes!
Deactivating autopickup; reactivate with Ctrl-A.
You barely miss something. Your headbutt misses something.
Something hits you but does no damage.
You closely miss something. Something hits you. Something freezes you.
You miss something. Something hits you! Something freezes you.
You hit something. You headbutt something. Something barely misses you.
You hit something. Your headbutt misses something. Something hits you.
Something freezes you.
You barely miss something. You headbutt something. Something hits you.
* * * LOW HITPOINT WARNING * * *
Something freezes you.
* * * LOW HITPOINT WARNING * * *
Something hits you!
You die...

#..........#...... ...
#..........#...... ....
#....###..........
....####.... #..........
.......########..........
....... #...............
....... #...............
......{###..............†
........@.........###....
+##........###...## #....
#........# #...# #....
#........# #...# #....
#........# #...# #....
#........# #...# #....
#........# #...#
#........# #...#
........# #...#


There were no monsters in sight!

Vanquished Creatures
  An adder (D:2)
  3 dart slugs (D:1)
  3 bats (D:1)
  5 endoplasms
  A giant cockroach (D:2)
  6 goblins
  2 hobgoblins (D:1)
  3 kobolds
  A quokka (D:2)
  6 ball pythons (D:1)
  A frilled lizard (D:2)
  2 rats (D:1)
34 creatures vanquished.

Notes
Turn   | Place    | Note
-------+----------+-------------------------------------------
     0 | D:1      | AvatarAndi78 the Minotaur Berserker began the quest for the
                  | Orb.
     0 | D:1      | Reached XP level 1. HP: 19/19 MP: 0/0
   225 | D:1      | Reached XP level 2. HP: 23/27 MP: 1/1
   578 | D:1      | Reached ** piety under Trog
   605 | D:1      | Reached XP level 3. HP: 34/34 MP: 2/2
  1248 | D:2      | Noticed Sigmund
  1259 | D:2      | Slain by Sigmund

Illustrated notes

Levels and vault maps discovered:
D:1:      lightli_arrival_statue_moat, layout_basic
D:2:      layout_basic, uniq_sigmund

Skill      XL: |  1  2 |
---------------+-------+-----
Fighting       | 4 |  4.7
Axes           | 4 |  4.3
Long Blades    | |  0.2
Armour         | |  2.5
Dodging        | |  2.6

Action                   || total
-------------------------++-------
Melee: Hand axe          ||    43
       Headbutt          ||     5
       Long sword        ||    26
Invok: Berserk           ||     1
       Trog's Hand       ||     1
Armor: Animal skin       ||    21
Dodge: Dodged            ||    48

Table legend: (Time is in decaauts)
 A = Elapsed time spent in this place.
 B = Non-inter-level travel time spent in this place.
 C = Inter-level travel time spent in this place.
 D = Time resting spent in this place.
 E = Time spent auto-exploring this place.
 F = Levels seen in this place.
 G = Mean time per level.
                   A        B        C        D        E       F      G
               +--------+--------+--------+--------+--------+-----+--------+
         Total |   1281 |   1271 |     10 |      0 |   1010 |   2 |  640.5 |
       Dungeon |   1281 |   1271 |     10 |      0 |   1010 |   2 |  640.5 |
               +--------+--------+--------+--------+--------+-----+--------+

Top non-repeatable levels by time:
     D:1: 921 daAuts
     D:2: 360 daAuts
